 Dungeon Crawl Stone Soup version 0.31.0-32-g396128a36d (webtiles) character file.

Game seed: 1569837071361558239

2348 KKCryptic the Changeling (level 9, -2/54 HPs)
             Began as an Octopode Shapeshifter on Mar 29, 2024.
             Was a Follower of Dithmenos.
             Slain by a sky beast (4 damage)
             ... on level 7 of the Dungeon.
             The game lasted 00:12:46 (4366 turns).

KKCryptic the Changeling (Octopode Shapeshifter)    Turns: 4366, Time: 00:12:47

Health: -2/54      AC:  1    Str: 14    XL:     9   Next: 43%
Magic:  9/9        EV: 18    Int: 12    God:    Dithmenos [*.....]
Gold:   324        SH:  5    Dex: 15    Spells: 9/9 levels left

rFire   . . .        o - +1 short sword (freeze)
rCold   + . .        w - +0 buckler
rNeg    . . .        (helmet currently unavailable)
rPois   .            (no amulet)
rElec   .            d - +4 ring of slaying
rCorr   +            h - ring of protection from cold
SInv    .            i - +5 ring of evasion
Will    .....        u - ring of resist corrosion
Stlth   +++++        (no ring)
HPRegen 0.29/turn    (no ring)
MPRegen 0.11/turn    (no ring)
                     (no ring)

%: no passive effects
@: lethally poisoned (-2 -> -5), about to teleport, beast-form, attractive,
wreathed by umbra
A: beast (slay +4), almost no armour, amphibious, 8 rings, camouflage 1,
gelatinous body 1, (nimble swimmer 1), tentacles
a: Begin Untransformation, Renounce Religion


You were on level 7 of the Dungeon.
You worshipped Dithmenos.
Dithmenos was aware of your devotion.
You were a hulking beast.
You visited 2 branches of the dungeon, and saw 8 of its levels.

You collected 324 gold pieces.

Inventory:

Hand Weapons
 o - a +1 short sword of freezing (weapon)
Missiles
 n - 10 poisoned darts (quivered)
Armour
 w - a +0 buckler (worn)
Jewellery
 d - a +4 ring of slaying (left tentacle)
 h - a ring of protection from cold (right tentacle)
 i - a +5 ring of evasion (on tentacle)
 u - a ring of resist corrosion (on tentacle)
Talismans
 b - a beast talisman
 c - a flux talisman
Wands
 e - a wand of polymorph (5)
 x - a wand of flame (26)
Scrolls
 g - a scroll of enchant weapon
 l - a scroll of teleportation
 q - a scroll of immolation {unknown}
 r - a scroll of vulnerability
 t - 2 scrolls of blinking {unknown}
 v - a scroll of noise
 y - a scroll of butterflies {unknown}
Potions
 a - 2 potions of lignification
 f - 2 potions of resistance
 k - 4 potions of enlightenment
 m - 3 potions of mutation
 p - a potion of attraction
 s - 2 potions of curing {unknown}
 z - a potion of magic {unknown}


   Skills:
 - Level 2.0 Fighting
 + Level 4.7 Short Blades
 - Level 2.0 Throwing
 - Level 2.0 Dodging
 + Level 7.5 Stealth
 - Level 3.0 Shields
 - Level 5.0 Unarmed Combat
 + Level 0.5 Spellcasting
 + Level 0.5 Translocations
 + Level 0.8 Invocations
 + Level 0.7 Evocations
 * Level 7.6 Shapeshifting


You had 9 spell levels left.
You didn't know any spells.
Your spell library contained the following spells:

 Spells                   Type           Power      Damage    Failure   Level
 Apportation              Tloc           2%         N/A       34%         1
 Blink                    Tloc           2%         N/A       45%         2
 Lesser Beckoning         Tloc           2%         N/A       45%         2
 Momentum Strike          Conj/Tloc      0%         3d8       50%         2
 Ensorcelled Hibernation  Hex/Ice        0%         N/A       54%         2
 Jinxbite                 Hex            0%         N/A       54%         2
 Fugue of the Fallen      Necr           0%         N/A       77%         3
 Summon Ice Beast         Ice/Summ       0%         N/A       77%         3
 Anguish                  Hex/Necr       0%         N/A       99%         4
 Alistair's Intoxication  Alch           0%         N/A       100%        5
 Summon Mana Viper        Hex/Summ       0%         N/A       100%        5
 Monstrous Menagerie      Summ           0%         N/A       100%        7


Dungeon Overview and Level Annotations

Branches:
Dungeon (7/15)             Temple (1/1) D:5

Altars:
Ashenzari
Cheibriados
Dithmenos
Elyvilon
Fedhas
Gozag
Kikubaaqudgha
Nemelex Xobeh
Okawaru
Ru
Sif Muna
Uskayaw
Xom
The Shining One


Innate Abilities, Weirdness & Mutations

You are a hulking beast.
Your limbs bulge with bestial killing power. (Slay +4)
You cannot wear most types of armour.
You are amphibious.
You can wear up to eight rings at the same time.
Your skin changes colour to match your surroundings (Stealth+).
Your rubbery body absorbs attacks. (AC +1, EV +1)
((You are camouflaged when in or above water. (Stealth+)))
You have tentacles for arms and can constrict up to eight enemies at once.


Message History

The sky beast completely misses you.
You hit the ufetubus. You freeze the ufetubus.
You kill the ufetubus!
Dithmenos accepts your kill. The ufetubus closely misses you.
The ufetubus hits you.
You barely miss the sky beast. The ufetubus slips past you!
The ufetubus completely misses you. The ufetubus closely misses you.
The sky beast flickers out of sight!
Deactivating autopickup; reactivate with Ctrl-A.
Something hits you. Something shocks you. You block the ufetubus's attack.
The ufetubus misses you.
You puncture the ufetubus! You freeze the ufetubus.
Your grab misses the ufetubus.
The ufetubus is almost dead.
Something hits you. Something shocks you.
You closely miss the kobold brigand. You grab the kobold brigand.
You squeeze the kobold brigand!
The kobold brigand is heavily wounded.
You constrict the kobold brigand, but do no damage.
Something hits you. Something shocks you.
You release your grip on the kobold brigand.
Something closely misses you.
The kobold brigand throws a poisoned dart.
The poisoned dart closely misses you. Something hits you. Something shocks you.
* * * LOW HITPOINT WARNING * * *
The kobold brigand throws a poisoned dart.
The poisoned dart hits you!
You are poisoned.
You feel sick.
Okay, then.
As you read the scroll of teleportation, it crumbles to dust.
You feel strangely unstable.
You feel sick. Something hits you.
* * * LOW HITPOINT WARNING * * *
Something shocks you.
* * * LOW HITPOINT WARNING * * *
It was a potion of attraction.
You feel attractive to monsters.
* * * LOW HITPOINT WARNING * * *
You feel sick. Something hits you.
You die...

#.....#..PP..#***,**
#..._.#..PP...,,,,**
#.....#......#******
#.....K......*******
#...##5#...,,,,,,,,*
######.5#K#.########*,*
#.....K......#######,,,
#.####{##...........,,,
*,* ##h#####.#######,,,
*,* ##.#####.#######*,,
*,* ##.#####.##.....,,,
*,* ##.#####.##.####***
*,* ##.####<..#.####
*,* ##......#...####
*,* #######...######
*,* ########.#######
*,**########.#######


You could see a kobold brigand and an ufetubus.

Vanquished Creatures
  Pikel (D:5)
  Sigmund (D:2)
  A water moccasin (D:5)
  A sky beast (D:6)
  2 ogres
  A centaur (D:6)
  2 phantoms
  A lemure (D:5)
  2 bullfrogs
  2 scorpions
  3 bombardier beetles
  7 hounds
  4 jellies
  An orc priest (D:6)
  Jessica (D:3)
  Natasha (thrice) (D:2)
  2 iguanas (D:6)
  An orc wizard (D:2)
  8 gnolls (D:5)
  10 adders
  A shadow imp (D:6)
  3 white imps
  An ufetubus (D:7)
  A dart slug (D:4)
  4 ribbon worms
  10 orcs
  8 ball pythons
  4 bats (D:2)
  7 endoplasms
  4 giant cockroaches
  6 goblins
  7 hobgoblins
  6 jackals (D:5)
  A quokka (D:4)
  4 frilled lizards
  4 kobolds
  2 rats
127 creatures vanquished.

Notes
Turn   | Place    | Note
-------+----------+-------------------------------------------
     0 | D:1      | KKCryptic the Octopode Shapeshifter began the quest for the
                  | Orb.
     0 | D:1      | Reached XP level 1. HP: 13/13 MP: 1/1
   210 | D:1      | Reached skill level 1 in Stealth
   210 | D:1      | Reached XP level 2. HP: 16/18 MP: 2/2
   684 | D:2      | Noticed Natasha
   693 | D:2      | Killed Natasha
   694 | D:2      | Reached XP level 3. HP: 23/23 MP: 3/3
   778 | D:2      | Reached XP level 4. HP: 27/28 MP: 4/4
   836 | D:2      | Noticed Natasha
   840 | D:2      | Killed Natasha
   841 | D:2      | Reached XP level 5. HP: 21/33 MP: 5/5
   927 | D:2      | Noticed Natasha
   943 | D:2      | Killed Natasha
   944 | D:2      | Reached skill level 1 in Short Blades
  1217 | D:2      | Noticed Sigmund
  1221 | D:2      | Killed Sigmund
  1222 | D:2      | Reached XP level 6. HP: 38/38 MP: 6/6
  1552 | D:3      | Reached skill level 5 in Shapeshifting
  1677 | D:3      | Reached XP level 7. HP: 40/43 MP: 7/7
  1765 | D:3      | Noticed Jessica
  1769 | D:3      | Killed Jessica
  2161 | D:4      | Reached skill level 5 in Stealth
  2177 | D:4      | Found a sparkling altar of Nemelex Xobeh.
  2267 | D:4      | Found a glowing golden altar of the Shining One.
  2561 | D:5      | Entered Level 5 of the Dungeon
  2700 | D:5      | Found a staircase to the Ecumenical Temple.
  2709 | Temple   | Entered the Ecumenical Temple
  2730 | Temple   | Became a worshipper of Dithmenos the Shadowed
  2759 | D:5      | Noticed Pikel
  2773 | D:5      | Killed Pikel
  2774 | D:5      | Reached skill level 1 in Shields
  2774 | D:5      | Reached skill level 5 in Unarmed Combat
  2774 | D:5      | Reached XP level 8. HP: 35/48 MP: 8/8
  3141 | D:5      | Reached skill level 1 in Throwing
  3464 | D:5      | Reached XP level 9. HP: 53/54 MP: 9/9
  3755 | D:6      | Found a broken altar of Ashenzari.
  3835 | D:6      | Reached * piety under Dithmenos
  4028 | D:6      | Noticed a +0 dagger
  4028 | D:6      | Noticed a +0 hand axe
  4035 | D:6      | Found a hide-covered altar of Uskayaw.
  4166 | D:6      | Found a blossoming altar of Fedhas.
  4347 | D:7      | Found a shimmering blue altar of Sif Muna.
  4366 | D:7      | HP: 2/54 [poisoned by a kobold brigand]
  4366 | D:7      | Slain by a sky beast

Illustrated notes

Levels and vault maps discovered:
D:1:      onia_arrival_pyramid, layout_loops_ring
D:2:      layout_loops_ring, minmay_misc_feat_more_columns, st_stairs_1,
          uniq_sigmund, uniq_natasha
D:3:      layout_basic, uniq_jessica
D:4:      layout_rooms, nicolae_tso_carved_into_rock,
          mainiacjoe_overflow_catwalk, corexii_item_surrounded_by_moat
D:5:      layout_basic, temple_statues, hangedman_decor_opposing, st_stairs_6,
          uniq_pikel
D:6:      layout_rooms, dancing_weapons_uskayaw, general_overflow_altar,
          old_standard_altar, grunt_ministairs_6
D:7:      layout_loops_ring, lemuel_round_altar, mainiacjoe_overflow_chevrons,
          mainiacjoe_overflow_24_doors, chequers_serial_rivers_micro_e,
          uniq_maurice, uniq_crazy_yiuf_cottage
Temple:   nicolae_temple_bog_church

Skill      XL: |  1  2  3  4  5  6  7  8  9 |
---------------+----------------------------+-----
Stealth        | 1 2 4 6 7 |  7.5
Shapeshifting  | 4 5 6 7 |  7.6
Short Blades   | 1 2 3 4 |  4.7
Unarmed Combat | 4 5 |  5.0
Shields        | 1 2 3 |  3.0
Throwing       | 1 2 |  2.0
Fighting       | 2 |  2.0
Dodging        | |  2.0
Spellcasting   | |  0.5
Translocations | |  0.5
Invocations    | |  0.8
Evocations     | |  0.7

Action                     |  1- 3 |  4- 6 |  7- 9 || total
---------------------------+-------+-------+-------++-------
  Melee: Unarmed           |    41 |       |       ||    41
         Constrict         |    10 |    13 |    37 ||    60
         Tentacles         |     5 |     9 |    39 ||    53
         Short sword       |       |    44 |   154 ||   198
         Punch             |       |     2 |     4 ||     6
    Use: Scroll            |     1 |     1 |     9 ||    11
         Potion            |       |       |     1 ||     1
   Stab: Sleeping          |    10 |     9 |    16 ||    35
         Distracted        |       |       |     1 ||     1
 Armour: Skin              |     7 |    13 |    41 ||    61
  Dodge: Dodged            |    19 |    14 |    74 ||   107
  Block: Buckler           |       |       |    21 ||    21
